Map: Frozen Temple

Players

XY

  • Race: Terran Terran
  • League: Platinum

Elazer - Winner!

  • Race: Zerg Zerg

Event: DreamHack Open Tours WCS Spring Championship

VOD

https://www.youtube.com/watch?v=RamJdp6JVzs

Description

Time

  • Played on: May 14, 2016, 2:30 p.m.
  • Length: 17:50

All games in this series

Show
View Real Time Build Order
Export as new Build Order

XY Terran 

Build Orders: Reaper Expand, MMM Bio 

Get SALT Encoding   

  12  0:00  SCV  
  13  0:13  SCV  
  14  0:17  Supply Depot  
  14  0:25  SCV  
  15  0:39  SCV  
  15  0:40  Barracks  
  16  0:44  Refinery  
  16  0:51  SCV  
  17  1:03  SCV  
  18  1:15  SCV  
  19  1:27  Orbital Command  
  19  1:28  Reaper  
  20  1:40  Command Center  
  20  1:48  Supply Depot  
  20  1:53  SCV  
  21  2:00  Barracks Reactor  
  21  2:05  SCV  
  22  2:17  SCV  
  23  2:23  Factory  
  23  2:29  SCV  
  24  2:32  Refinery  
  24  2:37  Marine x2  
  23  2:41  SCV  
  26  2:53  SCV  
  26  2:56  Marine x2  
  29  3:05  SCV  
  29  3:10  Starport  
  29  3:17  Orbital Command  
  29  3:19  Hellion x2, SCV  
  34  3:26  Marine  
  35  3:33  Supply Depot  
  36  3:37  Armory  
  36  3:40  Hellion  
  37  3:44  Hellion  
  37  3:47  Medivac  
  41  3:50  Marine  
  43  3:56  Supply Depot  
  43  4:02  Hellion  
  44  4:05  SCV  
  44  4:06  Hellion, Liberator  
  44  4:08  Barracks Tech Lab  
  48  4:10  SCV  
  48  4:17  SCV  
  49  4:22  SCV  
  53  4:26  Hellion  
  53  4:27  Hellion  
  53  4:29  SCV  
  58  4:34  Supply Depot, SCV  
  59  4:41  SCV  
  60  4:46  SCV  
  61  4:53  SCV  
  61  4:56  Hellion x6  
  61  4:58  SCV  
  58  5:10  Marauder  
  58  5:11  SCV x2  
  58  5:14  Command Center  
  57  5:23  SCV x2  
  57  5:24  Stimpack  
  57  5:30  Factory Tech Lab  
  57  5:32  Barracks  
  57  5:33  Marine  
  57  5:35  SCV x2  
  56  5:38  Bunker  
  56  5:43  Bunker  
  56  5:47  SCV x2  
  61  5:50  Siege Tank  
  61  5:52  Refinery  
  61  5:59  SCV x2  
  61  6:03  Marauder  
  65  6:11  Refinery, SCV  
  65  6:15  SCV  
  65  6:17  Engineering Bay  
  67  6:18  Engineering Bay  
  67  6:20  Supply Depot, Marine x2  
  67  6:24  Barracks  
  67  6:25  Siege Tank  
  72  6:27  Starport Reactor, Orbital Command  
  72  6:28  SCV  
  72  6:30  SCV  
  74  6:45  SCV  
  75  6:48  Marauder, Marine x2  
  77  6:57  SCV, Siege Tank  
  81  7:01  Orbital Command  
  81  7:03  Terran Infantry Weapons Level 1, Terran Infantry Armor Level 1  
  81  7:06  Marine x2  
  81  7:07  SCV, Barracks  
  81  7:08  Barracks  
  84  7:10  Marauder  
  84  7:11  Barracks Reactor  
  84  7:13  Barracks  
  84  7:14  SCV, Barracks  
  87  7:19  SCV  
  88  7:25  Combat Shields  
  88  7:26  SCV  
  89  7:32  SCV, Siege Tank  
  93  7:39  Marauder, Terran Vehicle Weapons Level 1  
  93  7:40  Supply Depot  
  93  7:41  SCV  
  93  7:43  Refinery  
  93  7:44  Refinery, SCV  
  97  7:46  Marine x2  
  97  7:47  Supply Depot  
  99  7:52  Marine x2  
  99  7:57  Barracks  
  101  8:00  SCV  
  101  8:02  SCV, Medivac x2  
  103  8:09  Barracks Tech Lab  
  103  8:10  Barracks Tech Lab x2  
  103  8:11  Barracks Reactor  
  103  8:12  SCV  
  103  8:14  SCV  
  103  8:19  Supply Depot  
  104  8:20  Marine  
  104  8:21  Marauder, Marine x2  
  104  8:26  Supply Depot  
  104  8:27  SCV x2, Marine  
  109  8:32  Medivac x2, SCV  
  117  8:41  SCV x2, Marauder, Marine, Siege Tank  
  124  8:47  SCV  
  123  8:49  Barracks Reactor  
  123  8:50  Supply Depot  
  123  8:52  Supply Depot  
  123  8:53  Supply Depot, SCV x2  
  125  8:59  SCV, Missile Turret x2  
  126  9:05  Supply Depot, SCV x2  
  126  9:06  Supply Depot  
  126  9:09  Terran Infantry Weapons Level 2  
  130  9:10  Terran Infantry Armor Level 2  
  130  9:13  SCV  
  126  9:17  SCV  
  126  9:18  SCV  
  118  9:24  Marauder  
  118  9:25  SCV  
  118  9:29  SCV  
  118  9:30  SCV  
  118  9:37  SCV  
  117  9:41  SCV  
  117  9:42  SCV  
  119  9:47  Marine  
  119  9:48  Marauder  
  119  9:49  SCV, Missile Turret  
  120  9:59  Marauder, Marine, Siege Tank  
  126  10:02  SCV x2  
  126  10:03  SCV  
  129  10:11  Supply Depot, Barracks Reactor  
  129  10:16  Marauder x2  
  129  10:17  Marauder  
  129  10:20  Marine  
  136  10:29  Marauder, Marine x4  
  136  10:31  Siege Tank  
  136  10:35  Marine  
  144  10:37  Marauder x2  
  144  10:38  Marauder  
  151  10:43  Marine  
  151  10:46  Marine  
  152  10:50  Marauder  
  152  10:54  Supply Depot  
  153  10:59  Marauder x2  
  153  11:03  Siege Tank  
  159  11:05  SCV x2  
  159  11:09  Marauder  
  163  11:11  Marauder  
  154  11:20  Marauder  
  125  11:30  Concussive Shells  
  128  11:33  Medivac x2  
  134  11:41  Marine, Siege Tank, Command Center  
  134  11:42  Marine x2  
  134  11:45  Terran Infantry Weapons Level 3  
  134  11:47  Terran Infantry Armor Level 3  
  134  11:56  Marauder x2, Marine  
  134  11:57  Marine  
  140  12:03  Medivac x2  
  140  12:07  Marauder  
  148  12:08  Marauder  
  148  12:13  Siege Tank  
  150  12:28  Marauder x2, Marine x4  
  155  12:34  Marine  
  155  12:35  Marauder  
  155  12:41  Factory  
  155  12:42  Factory, Command Center  
  155  12:46  SCV x2  
  159  12:51  Marauder x2, Marine x4  
  159  12:56  Marine  
  157  12:58  Marine  
  157  12:59  Marine  
  157  13:01  Marine x3  
  157  13:03  Viking  
  157  13:05  Viking  
  165  13:09  Marine  
  166  13:20  Marine  
  166  13:24  Marine  
  166  13:25  Marine x3  
  171  13:29  Marine x2  
  171  13:33  Viking, Marine x2  
  167  13:42  Starport  
  167  13:47  Marine x3  
  167  13:57  Viking  
  161  14:19  Marauder x2  
  153  14:24  Viking  
  149  14:45  Orbital Command  
  145  14:54  Viking  
  141  15:10  Marine x4  
  128  15:37  Viking, Marine x2  
  124  15:51  Planetary Fortress  
  121  16:01  Marine  
  117  16:28  Marine x2  
  117  16:29  Marine  
  118  16:41  Orbital Command  
  117  16:49  Marine  
  117  16:50  Marine  
  56  17:34  SCV  
Show
View Real Time Build Order
Export as new Build Order

Elazer Zerg - Winner!

Build Orders: Pool First 

Get SALT Encoding   

  12  0:00  Drone  
  13  0:13  Overlord  
  13  0:17  Drone  
  14  0:31  Drone x2  
  14  0:35  Drone  
  17  0:45  Spawning Pool  
  17  0:48  Drone  
  17  1:10  Drone, Hatchery  
  17  1:15  Extractor  
  17  1:17  Drone  
  17  1:31  Queen  
  17  1:32  Zergling x4  
  21  1:43  Overlord  
  21  2:01  Zergling x2  
  21  2:03  Drone  
  21  2:07  Queen  
  25  2:12  Drone  
  26  2:23  Drone x2  
  26  2:28  Metabolic Boost  
  28  2:32  Drone  
  28  2:33  Drone  
  30  2:40  Drone  
  30  2:41  Drone  
  30  2:42  Drone  
  32  2:52  Hatchery  
  32  2:55  Drone  
  31  3:02  Drone x2  
  33  3:11  Queen  
  35  3:13  Drone  
  35  3:16  Overlord  
  36  3:27  Overlord  
  36  3:34  Queen  
  36  3:35  Drone x2  
  36  3:36  Drone x2  
  36  3:37  Overlord  
  36  3:39  Drone  
  43  3:47  Drone  
  43  3:48  Drone  
  45  3:50  Lair  
  45  3:53  Drone x2  
  45  3:54  Drone  
  48  3:57  Extractor  
  48  4:01  Roach Warren  
  48  4:02  Drone  
  47  4:07  Queen  
  49  4:10  Drone  
  49  4:15  Overlord  
  49  4:20  Zergling x6  
  52  4:26  Drone  
  52  4:27  Zergling x4  
  55  4:33  Zergling x2  
  55  4:34  Zergling x4  
  55  4:35  Queen  
  60  4:41  Overlord  
  60  4:42  Roach x2  
  64  4:46  Roach  
  64  4:47  Roach  
  68  4:57  Roach x4  
  65  5:03  Roach x2  
  68  5:10  Roach x2  
  68  5:11  Roach x2  
  72  5:18  Drone x5  
  77  5:24  Queen  
  77  5:25  Glial Reconstitution  
  79  5:35  Drone x3  
  82  5:38  Overlord  
  82  5:39  Ravager  
  82  5:49  Extractor  
  80  5:56  Drone x3  
  84  5:57  Drone x4  
  84  5:59  Extractor  
  84  6:00  Ravager, Extractor  
  86  6:07  Overlord  
  86  6:08  Drone x4  
  90  6:15  Overlord, Spore Crawler  
  90  6:16  Spore Crawler  
  90  6:17  Overseer  
  90  6:18  Drone x2  
  90  6:25  Overlord  
  90  6:26  Drone  
  90  6:29  Extractor, Drone x3  
  90  6:30  Ravager x2  
  95  6:33  Overlord  
  95  6:36  Roach  
  95  6:37  Roach x3  
  103  6:42  Overlord  
  98  6:56  Drone x2  
  98  6:57  Overlord, Drone x3  
  103  7:03  Overlord  
  103  7:07  Roach x5  
  113  7:15  Drone x2  
  113  7:16  Drone x2  
  113  7:17  Drone x3  
  113  7:18  Drone  
  113  7:21  Drone x2  
  113  7:22  Drone  
  124  7:34  Tunneling Claws  
  124  7:38  Burrow  
  124  7:39  Hatchery  
  123  7:48  Evolution Chamber, Overlord  
  123  7:49  Evolution Chamber  
  123  7:50  Queen  
  123  7:52  Roach x3  
  123  7:53  Ravager x2  
  123  7:54  Ravager  
  132  8:03  Ravager  
  133  8:09  Roach x6  
  133  8:10  Roach x2  
  145  8:16  Zerg Missile Weapons Level 1, Infestation Pit  
  145  8:17  Zerg Ground Armor Level 1  
  145  8:19  Overlord  
  142  8:32  Overlord  
  142  8:34  Roach x2  
  142  8:38  Overlord  
  142  8:39  Overlord x3  
  146  8:52  Roach x2  
  146  8:53  Roach x2  
  146  8:57  Roach x4  
  146  8:58  Roach x7  
  146  8:59  Roach x2  
  146  9:01  Roach x8  
  146  9:02  Roach  
  160  9:03  Hive  
  160  9:04  Spire  
  160  9:05  Drone x7  
  164  9:18  Roach x3  
  164  9:20  Infestor x2  
  164  9:21  Infestor x2  
  156  9:32  Roach x2  
  156  9:33  Roach x6  
  156  9:35  Extractor  
  156  9:37  Extractor  
  162  9:39  Roach x8  
  172  9:53  Overlord  
  172  9:57  Hatchery  
  171  10:08  Drone x3  
  171  10:10  Roach x6  
  171  10:11  Spore Crawler  
  171  10:12  Zerg Missile Weapons Level 2, Zerg Ground Armor Level 2  
  171  10:14  Roach x9  
  187  10:19  Greater Spire  
  191  10:25  Roach  
  183  10:39  Roach  
  180  10:42  Ravager  
  180  10:43  Ravager  
  180  10:44  Roach x7  
  180  10:46  Roach x2  
  199  10:50  Ravager  
  196  11:03  Corruptor  
  196  11:04  Corruptor  
  153  11:26  Roach  
  153  11:27  Roach x30  
  153  11:31  Roach x7  
  188  11:41  Brood Lord  
  188  11:45  Roach x14  
  190  11:51  Brood Lord, Zerg Flyer Weapons Level 1, Corruptor x3  
  198  12:03  Roach x5  
  198  12:08  Corruptor  
  198  12:16  Roach x2  
  184  12:23  Roach  
  184  12:24  Roach x2  
  184  12:25  Roach x2, Corruptor x2  
  184  12:26  Corruptor  
  184  12:28  Brood Lord  
  184  12:29  Brood Lord  
  184  12:39  Brood Lord  
  184  12:40  Zerg Melee Weapons Level 1  
  184  12:41  Ultralisk Cavern  
  185  12:46  Corruptor  
  185  12:48  Zergling x10  
  166  13:00  Brood Lord  
  168  13:07  Extractor  
  168  13:08  Drone x3  
  168  13:09  Spore Crawler, Extractor  
  168  13:14  Brood Lord  
  168  13:15  Brood Lord  
  168  13:17  Corruptor x2  
  176  13:25  Spine Crawler  
  155  13:37  Drone x4  
  157  13:43  Roach x9  
  157  13:44  Roach x3  
  157  13:48  Hatchery  
  179  13:49  Roach x8  
  179  13:52  Brood Lord  
  179  14:06  Roach  
  179  14:07  Roach x5  
  187  14:13  Zergling x2  
  187  14:14  Zergling x6  
  170  14:22  Roach  
  170  14:23  Roach x2  
  152  14:34  Roach x4  
  160  14:42  Roach x4  
  163  14:54  Roach x4  
  171  15:07  Infestor x4  
  167  15:11  Chitinous Plating  
  169  15:19  Ultralisk x3  
  185  15:24  Ultralisk  
  185  15:28  Roach x3  
  183  15:30  Drone x3  
  186  15:39  Ultralisk  
  192  15:46  Roach x3  
  188  15:54  Roach x2  
  187  16:05  Overlord  
  187  16:06  Hatchery  
  187  16:10  Roach x2  
  186  16:11  Hatchery  
  186  16:15  Adrenal Glands  
  179  16:35  Ultralisk  
  179  16:48  Ultralisk x2  
  191  17:08  Ultralisk  
  181  17:16  Zergling x6  
  181  17:17  Zergling x4  

Tags
 
Add a new tag
Caveats
  • Supply blocks, unpowered buildings, or Contaminate may cause inaccurate times.
  • Supply counts are checked every 10 seconds.